 Dungeon Crawl Stone Soup version 0.28-a0-1130-gc51a68064b (webtiles) character file.

Game seed: 9628704218221359034

53 SensoryNuts the Ducker (level 3, -2/29 HPs)
             Began as a Demigod Gladiator on Dec 12, 2021.
             Slain by a gnoll (4 damage)
             ... on level 3 of the Dungeon.
             The game lasted 00:01:35 (1923 turns).

SensoryNuts the Ducker (Demigod Gladiator)          Turns: 1923, Time: 00:01:36

Health: -2/29      AC:  4    Str: 19    XL:     3   Next: 42%
Magic:  5/5        EV: 12    Int: 10    God:
Gold:   77         SH:  0    Dex: 15    Spells: 2/2 levels left

rFire   + . .      SeeInvis .   h - +3 dagger
rCold   + . .      Faith    .   (no shield)
rNeg    . . .      Spirit   .   b - +0 leather armour
rPois   +          Reflect  .   c - +0 helmet
rElec   +          Harm     .   (no cloak)
rCorr   +          Rampage  .   (no gloves)
Will    .....                   (no boots)
Stlth   +.........              (no amulet)
HPRegen 0.09/turn               (no ring)
MPRegen 0.09/turn               (no ring)

@: resistant
A: high mp 1, forlorn, divine attributes
a: no special abilities


You were on level 3 of the Dungeon.
You visited 1 branch of the dungeon, and saw 3 of its levels.

You collected 77 gold pieces.

Inventory:

Hand Weapons
 a - a +0 long sword
 h - a +3 dagger (weapon)
Missiles
 d - 3 throwing nets (quivered)
Armour
 b - a +0 leather armour (worn)
 c - a +0 helmet (worn)
Scrolls
 e - a scroll of identify
 g - a scroll of fear


   Skills:
 + Level 2.1 Fighting
 + Level 0.4(2.0) Short Blades
 + Level 3.1(3.2) Long Blades
 + Level 1.8 Throwing
 + Level 0.9 Armour
 + Level 3.1 Dodging
 + Level 0.7 Stealth


You had 2 spell levels left.
You didn't know any spells.
Your spell library contained the following spells:

 Spells                   Type           Power      Damage    Failure   Level
 Corpse Rot               Necr/Air       0%         N/A       56%         2
 Ensorcelled Hibernation  Hex/Ice        0%         N/A       56%         2
 Tukima's Dance           Hex            0%         N/A       80%         3
 Dispel Undead            Necr           0%         3d6       99%         4
 Death Channel            Necr           0%         N/A       100%        6


Dungeon Overview and Level Annotations

Branches:
Dungeon (3/15)

Shops:
D:2 :?


Innate Abilities, Weirdness & Mutations

You have an increased reservoir of magic. (+10% MP)
You shall have no god before yourself.
Your divine heritage dramatically boosts your attributes as you level up.


Message History

Done exploring.
Done exploring.
No target in view!
There is a stone staircase leading down here.
As you read the scroll labelled PIET XAGUC ONT, it crumbles to dust.
It is a scroll of identify.
You don't have any unidentified items.
You climb downwards.
There is a stone staircase leading up here. 4 gnolls come into view.
The gnoll shouts! x3
There are monsters nearby!
There are monsters nearby!
There are monsters nearby!
The gnoll hits you from afar with a +0 halberd.
The gnoll hits you with a +0 flail.
You hit the gnoll.
The gnoll is lightly wounded.
The gnoll hits you with a +0 flail.
You closely miss the gnoll.
The gnoll is lightly wounded.
The gnoll barely misses you.
You hit the gnoll.
The gnoll is heavily wounded.
The gnoll hits you with a +0 flail! The gnoll closely misses you.
You hit the gnoll.
The gnoll is severely wounded.
The gnoll closely misses you.
The gnoll hits you from afar with a +0 halberd!
* * * LOW HITPOINT WARNING * * *
You hit the gnoll.
The gnoll is almost dead.
The gnoll hits you with a +0 flail.
* * * LOW HITPOINT WARNING * * *
You hit the gnoll.
You kill the gnoll!
The gnoll misses you.
You feel protected.
The gnoll hits you from afar with a +0 halberd.
You die...

### ...
#.. #.#
#.# #.#
#.# #@#
#)# # #g#
#.#g#
#.#g#####
#......<#
###.#####
#.# ...


You could see 3 gnolls.

Vanquished Creatures
  A gnoll (D:3)
  A dart slug (D:2)
  An endoplasm (D:2)
  2 giant cockroaches
  4 goblins (D:1)
  8 hobgoblins
  2 jackals (D:2)
  A kobold (D:1)
  2 quokkas (D:1)
  6 ball pythons
  3 bats (D:2)
  5 frilled lizards
  3 rats
39 creatures vanquished.

Notes
Turn   | Place    | Note
-------+----------+-------------------------------------------
     0 | D:1      | SensoryNuts the Demigod Gladiator began the quest for the
                  | Orb.
     0 | D:1      | Reached XP level 1. HP: 17/17 MP: 3/3
   728 | D:1      | Reached XP level 2. HP: 24/24 MP: 4/4
  1376 | D:2      | Reached XP level 3. HP: 26/29 MP: 5/5
  1556 | D:2      | Found Zimeps's Book Boutique.
  1650 | D:2      | Found Beofap's Magic Scroll Shop.
  1923 | D:3      | Slain by a gnoll

Illustrated notes

Levels and vault maps discovered:
D:1:      dpeg_arrival_tiny_j, layout_loops_ring,
          hellmonk_ecumenical_altar_blasted, minmay_tetromino_t4
D:2:      layout_rooms, serial_shops, nicolae_shop_behind_doors, shop,
          basic_altar
D:3:      layout_basic, uniq_sigmund

Skill      XL: |  1  2 |
---------------+-------+-----
Fighting       | 2 |  2.1
Dodging        | 3 |  3.1
Long Blades    | 3 |  3.1
Short Blades   | |  0.4
Throwing       | |  1.8
Armour         | |  0.9
Stealth        | |  0.7

Action                   || total
-------------------------++-------
Melee: Long sword        ||    46
       Dagger            ||    74
  Use: Scroll            ||     6
       Potion            ||     4
 Stab: Sleeping          ||     5
Armor: Leather armour    ||    33
Dodge: Dodged            ||    68

Table legend: (Time is in decaauts)
 A = Elapsed time spent in this place.
 B = Non-inter-level travel time spent in this place.
 C = Inter-level travel time spent in this place.
 D = Time resting spent in this place.
 E = Time spent auto-exploring this place.
 F = Levels seen in this place.
 G = Mean time per level.
                   A        B        C        D        E       F      G
               +--------+--------+--------+--------+--------+-----+--------+
         Total |   1928 |   1928 |      0 |      0 |   1612 |   3 |  642.7 |
       Dungeon |   1928 |   1928 |      0 |      0 |   1612 |   3 |  642.7 |
               +--------+--------+--------+--------+--------+-----+--------+

Top non-repeatable levels by time:
     D:1: 1294 daAuts
     D:2: 617 daAuts
     D:3: 16 daAuts
